Map: 이터널 엠파이어 - 래더

Players

Patience

  • Race: Protoss Protoss
  • Spawn Location: 7:00

INnoVation - Winner!

  • Race: Terran Terran
  • Spawn Location: 1:00

Event: IEM Katowice 2020

VOD

Have the link to the VOD?

Description

Time

  • Played on: Feb. 28, 2020, 5:06 a.m.
  • Length: 11:09

All games in this series

Show
View Real Time Build Order
Export as new Build Order

Patience Protoss 

Build Orders: 1 Gate Expand, Oracle Opening, Phoenix Opening 

Get SALT Encoding   

  12  0:00  Probe  
  13  0:13  Probe  
  14  0:17  Pylon  
  14  0:25  Probe (Chrono Boost)  
  16  0:36  Gateway  
  16  0:37  Probe (Chrono Boost)  
  16  0:42  Probe (Chrono Boost)  
  16  0:49  Assimilator  
  17  0:52  Probe  
  19  1:04  Probe  
  19  1:16  Probe  
  20  1:24  Nexus  
  20  1:34  Cybernetics Core  
  20  1:38  Probe  
  21  1:44  Assimilator  
  21  1:50  Probe  
  21  1:53  Pylon  
  22  2:02  Probe  
  22  2:03  Pylon  
  23  2:09  Adept (Chrono Boost)  
  23  2:14  Probe  
  26  2:23  Stargate  
  26  2:27  Probe  
  27  2:32  Warp Gate  
  27  2:37  Adept  
  27  2:41  Probe  
  30  2:47  Probe (Chrono Boost)  
  30  2:53  Probe (Chrono Boost)  
  32  3:02  Probe x2 (Chrono Boost)  
  32  3:05  Oracle (Chrono Boost)  
  33  3:09  Probe  
  33  3:10  Probe  
  38  3:21  Probe  
  38  3:27  Pylon  
  39  3:28  Probe  
  39  3:33  Probe, Phoenix (Chrono Boost)  
  43  3:47  Probe  
  44  3:49  Probe (Chrono Boost), Gateway  
  44  3:50  Gateway  
  48  3:59  Probe (Chrono Boost)  
  46  4:04  Twilight Council  
  46  4:05  Forge  
  46  4:07  Assimilator  
  46  4:09  Probe x2 (Chrono Boost)  
  48  4:14  Probe  
  48  4:16  Probe  
  50  4:21  Stalker  
  52  4:26  Probe  
  52  4:30  Blink (Chrono Boost)  
  53  4:31  Probe  
  53  4:35  Nexus  
  53  4:36  Protoss Ground Weapons Level 1 (Chrono Boost)  
  54  4:38  Pylon  
  54  4:45  Probe  
  55  4:46  Probe  
  56  4:56  Stalker x2  
  56  4:58  Stalker  
  62  5:05  Probe x2  
  64  5:09  Pylon  
  64  5:20  Stalker x2  
  66  5:27  Stalker  
  68  5:35  Probe x2  
  70  5:50  Sentry, Gateway x3  
  70  5:51  Sentry  
  70  5:53  Zealot, Gateway  
  76  5:59  Gateway  
  76  6:01  Charge (Chrono Boost)  
  75  6:10  Probe x3  
  78  6:15  Zealot x3  
  84  6:19  Pylon  
  84  6:22  Probe  
  84  6:23  Probe, Pylon  
  86  6:26  Probe  
  86  6:29  Protoss Ground Armor Level 1 (Chrono Boost)  
  87  6:34  Probe  
  87  6:36  Zealot x2  
  87  6:38  Zealot  
  94  6:49  Probe x2  
  97  6:56  Zealot x5  
  97  6:57  Zealot  
  108  7:01  Pylon  
  108  7:02  Pylon  
  108  7:19  Adept  
  110  7:22  Stalker  
  110  7:23  Stalker x5  
  110  7:29  Probe x2  
  125  7:30  Probe  
  123  7:41  Probe x2  
  125  7:48  Probe, Pylon  
  125  7:50  Pylon  
  124  7:52  Pylon  
  114  8:01  Forge  
  110  8:09  Zealot x7  
  106  8:29  Zealot x3  
  106  8:30  Zealot x4  
  116  8:38  Probe x2  
  116  8:48  Pylon  
  116  8:50  Pylon x2  
  116  8:54  Templar Archives  
  116  8:55  Phoenix  
  116  9:00  Pylon, Nexus  
  118  9:02  Stalker x2  
  118  9:03  Stalker x3  
  118  9:07  Stalker  
  124  9:24  Psionic Storm  
  124  9:30  Probe x3  
  125  9:36  Robotics Facility  
  125  9:43  High Templar x2  
  125  9:44  Zealot, High Templar  
  125  9:45  Zealot x2  
  137  9:46  Probe  
  137  9:49  Probe  
  137  9:50  Probe  
  140  9:54  Pylon  
  140  9:58  Probe  
  140  9:59  Gateway  
  141  10:01  Gateway  
  141  10:04  Gateway  
  141  10:07  Forge  
  141  10:08  Forge  
  141  10:12  Zealot x3  
  145  10:20  Zealot  
  145  10:21  Zealot x2  
  147  10:41  Stalker  
  147  10:42  Stalker x3  
  153  10:46  Archon  
  151  10:51  Zealot x2  
  111  11:00  Zealot x3  
Show
View Real Time Build Order
Export as new Build Order

INnoVation Terran - Winner!

Build Orders: Liberator Opening, Reaper Expand 

Get SALT Encoding   

  12  0:00  SCV  
  13  0:13  SCV  
  14  0:17  Supply Depot  
  14  0:25  SCV  
  15  0:38  SCV  
  15  0:39  Barracks  
  16  0:43  Refinery  
  16  0:50  SCV  
  17  1:03  SCV  
  18  1:15  SCV  
  19  1:26  Reaper  
  19  1:27  Orbital Command  
  20  1:41  Command Center  
  20  1:51  Supply Depot  
  20  1:52  SCV  
  21  1:58  Marine  
  22  2:04  SCV  
  23  2:09  Factory  
  23  2:17  SCV  
  23  2:18  Refinery  
  23  2:20  Barracks Reactor  
  24  2:26  Bunker  
  24  2:29  SCV  
  25  2:41  SCV  
  25  2:53  Orbital Command, Widow Mine  
  25  2:54  SCV  
  28  2:58  Starport  
  28  2:59  Marine  
  28  3:02  Marine  
  30  3:06  SCV  
  31  3:14  Factory Tech Lab  
  31  3:17  Marine  
  31  3:18  SCV  
  31  3:19  Marine  
  33  3:20  SCV  
  33  3:26  Supply Depot  
  35  3:32  Cyclone  
  35  3:33  SCV x2  
  40  3:35  Marine  
  40  3:37  Marine  
  41  3:46  SCV x2  
  42  3:49  Liberator  
  42  3:54  Supply Depot  
  45  3:58  SCV x2  
  45  4:00  Marine x2  
  49  4:10  SCV  
  49  4:11  SCV  
  51  4:18  Command Center  
  51  4:23  SCV x2  
  53  4:28  Barracks  
  53  4:32  Marine x2  
  53  4:35  SCV x2  
  53  4:38  Supply Depot, Starport Tech Lab  
  57  4:43  Barracks  
  57  4:47  SCV  
  57  4:48  SCV  
  57  4:52  Refinery x2  
  59  4:55  Marine x2  
  62  5:00  SCV x2  
  62  5:02  Engineering Bay  
  62  5:04  Engineering Bay  
  63  5:11  Starport Reactor  
  63  5:12  SCV x2, Factory Reactor  
  63  5:13  Marine x2  
  67  5:18  Stimpack, Marine  
  68  5:26  SCV x2  
  70  5:31  Terran Infantry Weapons Level 1, Terran Infantry Armor Level 1  
  70  5:32  Orbital Command  
  67  5:37  Marauder  
  67  5:38  Marine  
  67  5:39  Marine  
  71  5:43  Supply Depot  
  71  5:45  SCV x2  
  71  5:48  Combat Shield  
  73  5:59  Barracks  
  73  6:02  Barracks  
  75  6:05  Medivac, Marauder x2  
  75  6:06  Medivac  
  75  6:09  Marine x2  
  82  6:12  Supply Depot  
  82  6:13  Widow Mine  
  82  6:16  Widow Mine  
  82  6:17  Supply Depot  
  87  6:18  SCV  
  87  6:19  SCV x2  
  89  6:26  Marine x2  
  89  6:28  Marauder  
  93  6:34  SCV x2, Marauder  
  93  6:35  Supply Depot x2  
  93  6:36  Widow Mine  
  93  6:38  Orbital Command, Widow Mine  
  101  6:43  Medivac  
  101  6:44  Medivac  
  105  6:47  SCV x2  
  105  6:55  Barracks Reactor, Marauder, Barracks Tech Lab  
  105  6:56  Marauder  
  105  6:57  Marine x2  
  105  6:58  Widow Mine  
  105  6:59  Widow Mine  
  105  7:00  SCV x2  
  117  7:03  SCV  
  117  7:07  Supply Depot x2  
  117  7:10  Concussive Shells  
  117  7:16  Marauder x2  
  117  7:17  Marauder  
  117  7:20  Armory  
  117  7:21  SCV x2  
  125  7:29  SCV, Widow Mine x2  
  129  7:32  Supply Depot x2  
  129  7:33  SCV x2  
  129  7:36  Medivac x2  
  133  7:41  SCV  
  133  7:43  Refinery  
  133  7:44  Refinery  
  134  7:45  SCV x2  
  134  7:46  Supply Depot  
  134  7:50  Marauder  
  134  7:51  Marauder x2  
  139  7:54  Marine x2  
  139  7:55  Marine x2  
  139  7:57  Widow Mine  
  139  7:58  Widow Mine  
  140  8:03  SCV  
  140  8:04  SCV x2  
  135  8:12  Marauder x3  
  137  8:19  Terran Infantry Armor Level 2, Terran Infantry Weapons Level 2  
  136  8:24  Marine  
  136  8:25  Marine x3  
  136  8:26  Ghost Academy, Widow Mine  
  136  8:27  Widow Mine  
  138  8:37  Marauder x2  
  138  8:38  Marauder  
  141  8:47  Command Center  
  141  8:48  Widow Mine x2  
  145  8:54  Marine x4  
  149  8:58  Ghost x3  
  155  9:06  Supply Depot  
  155  9:11  Supply Depot, Widow Mine x2  
  155  9:13  Supply Depot  
  155  9:14  Medivac  
  155  9:15  Medivac  
  163  9:18  Supply Depot x2  
  163  9:22  Missile Turret  
  154  9:24  Missile Turret  
  154  9:28  Ghost  
  154  9:30  Ghost, Marine x4  
  155  9:35  Barracks  
  155  9:38  Barracks x2  
  155  9:43  Missile Turret  
  155  9:48  Missile Turret  
  155  9:51  Medivac x2  
  159  9:53  Marauder, Marine x4  
  159  9:57  Marauder  
  169  10:00  Marauder  
  167  10:13  SCV  
  167  10:14  SCV x2, Marauder  
  170  10:17  Marine  
  170  10:18  Marine x3  
  170  10:19  Marauder  
  177  10:21  Viking, Marauder  
  177  10:22  Planetary Fortress  
  177  10:25  Barracks Tech Lab x2  
  181  10:36  Marauder, Marine x2  
  181  10:37  Marine x2  
  181  10:38  Marine x2  
  181  10:40  Factory Reactor, Marauder  
  191  10:42  Marauder  
  191  10:45  Starport  

Tags
 
Add a new tag
Caveats
  • Supply blocks, unpowered buildings, or Contaminate may cause inaccurate times.
  • Supply counts are checked every 10 seconds.